 Dungeon Crawl Stone Soup version 0.23.0-3-gf3c87f2 (webtiles) character file.

Game seed: 16468081086721265803

186 Borgoz the Sneak (level 5, -4/40 HPs)
             Began as a Ghoul Enchanter on Feb 24, 2019.
             Killed from afar by an orc wizard (6 damage)
             ... with a magic dart
             ... on level 3 of the Dungeon.
             The game lasted 00:09:02 (3050 turns).

Borgoz the Sneak (Ghoul Enchanter)                  Turns: 3050, Time: 00:09:02

Health: -4/40      AC:  3    Str: 12    XL:     5   Next: 65%
Magic:  4/7        EV: 17    Int: 10    God:
Gold:   157        SH:  0    Dex: 10    Spells: 5/8 levels left

rFire    . . .     SeeInvis .   a - +1 dagger
rCold    + . .     Gourm    .   (no shield)
rNeg     + + +     Faith    .   i - +0 leather armour
rPois    ∞         Spirit   .   (no helmet)
rElec    .         Reflect  .   (no cloak)
rCorr    .         Harm     .   (no gloves)
MR       .....                  (no boots)
Stlth    +.........             (no amulet)
HPRegen  0.00/turn              b - +5 ring of evasion
MPRegen  0.10/turn              (no ring)

@: confused, rotting
A: rotting body, claws 1, carnivore, cold resistance 1, negative energy
resistance 3, inhibited regeneration, torment resistance, unbreathing
a: no special abilities


You were on level 3 of the Dungeon.
You were not hungry.

You visited 1 branch of the dungeon, and saw 3 of its levels.

You collected 157 gold pieces.

Inventory:

Hand Weapons
 a - a +1 dagger (weapon)
Missiles
 e - 2 needles of paralysis
Armour
 i - a +0 leather armour (worn)
Jewellery
 b - a +5 ring of evasion (left claw)
Comestibles
 d - 6 rations


   Skills:
 + Level 1.2 Fighting
 * Level 2.4 Short Blades
 + Level 1.1 Armour
 + Level 2.4 Dodging
 + Level 4.1 Stealth
 + Level 2.3 Spellcasting
 + Level 2.8 Hexes
 - Level 0.8 Ice Magic


You had 5 spell levels left.
You knew the following spells:

 Your Spells              Type           Power        Failure   Level  Hunger
a - Corona                Hex            #......      12%         1    ##.....
b - Ensorcelled Hibernat  Hex/Ice        #.....       26%         2    ###....

Your spell library contained the following spells:

 Spells                   Type           Power        Failure   Level  Hunger
 Confuse                  Hex            #.......     34%         3    ####...
 Tukima's Dance           Hex            #.......     34%         3    ####...
 Sticks to Snakes         Tmut           #.......     50%         2    ###....
 Dazzling Spray           Conj/Hex       #.....       54%         3    ####...
 Beastly Appendage        Tmut           Unusable     N/A         1    N/A
 Spider Form              Tmut/Pois      Unusable     N/A         3    N/A
 Ice Form                 Ice/Tmut       Unusable     N/A         4    N/A
 Blade Hands              Tmut           Unusable     N/A         5    N/A

Dungeon Overview and Level Annotations

Branches:
Dungeon (3/15)

Altars:
Hepliaklqana
Nemelex Xobeh
Vehumet


Innate Abilities, Weirdness & Mutations

Your body is rotting away.
You thrive on raw meat.
You are immune to poison.
You have sharp fingernails.
You are carnivorous and can eat meat at any time.
Your flesh is cold resistant. (rC+)
You are immune to negative energy. (rN+++)
You do not regenerate when monsters are visible.
You are immune to unholy pain and torment.
You can survive without breathing.


Message History

* * * LOW HITPOINT WARNING * * *
Eat a chunk of flesh? (ye/n/q)
You eat the chunk of flesh.
This raw flesh tastes great!
Something barely misses you.
A magic dart appears from out of thin air!
The magic dart hits you.
* * * LOW HITPOINT WARNING * * *
You aren't carrying any scrolls.
You hear some strange, mumbled words.
Something tries to affect you, but you resist.
You are confused.
You are more confused.
A puff of flame appears from out of thin air!
The puff of flame hits you!
* * * LOW HITPOINT WARNING * * *
You aren't carrying any potions.
You bump into the rock wall.
A magic dart appears from out of thin air!
The magic dart hits you.
You die...

.....##.#######...###.# #.#
####.##.# ##.## #.#
####.##.# #.# #.# ........#
#.# #.# ####.#..# #.# #.#
.....#..# #.# #.# ######..#
#.####.# ##.# # #...
#......# #..# # #...# #@.#
#>## # #...# #..#######.# #
###########.......##.# #
#......##.####.##.# #
#)####.##.####.##.#### # #.#
#...............# # #.#
###..........##.#
#######.######..####.#..##.#
#....)..........# #.#..##(#


There were no monsters in sight!

Vanquished Creatures
  A hound (D:3)
  An orc wizard (D:3)
  An iguana (D:1)
  3 adders
  2 worms
  A dart slug (D:2)
  2 leopard geckos
  4 orcs (D:3)
  A bat skeleton (D:2)
  3 giant cockroaches
  5 goblins
  5 hobgoblins
  4 jackals (D:3)
  7 kobolds
  A quokka (D:2)
  10 bats
  2 frilled lizards (D:3)
  10 rats
63 creatures vanquished.

Notes
Turn   | Place    | Note
-------+----------+-------------------------------------------
     0 | D:1      | Borgoz the Ghoul Enchanter began the quest for the Orb.
     0 | D:1      | Reached XP level 1. HP: 14/14 MP: 2/2
   187 | D:1      | Reached XP level 2. HP: 12/20 MP: 3/3
   314 | D:1      | HP: 1/20 [kobold/+0 short sword (8)]
   556 | D:1      | Learned a level 2 spell: Ensorcelled Hibernation
   581 | D:1      | Reached skill level 1 in Short Blades
   939 | D:1      | Reached XP level 3. HP: 23/27 MP: 5/5
  1481 | D:2      | Reached XP level 4. HP: 33/34 MP: 6/6
  1491 | D:3      | Reached skill level 1 in Fighting
  1520 | D:3      | Reached skill level 4 in Stealth
  1694 | D:2      | Reached XP level 5. HP: 26/40 MP: 2/7
  1803 | D:2      | Reached skill level 1 in Armour
  2210 | D:2      | Found a hazy altar of Hepliaklqana.
  2671 | D:3      | Found a faded altar of an unknown god.
  2674 | D:3      | Found a sparkling altar of Nemelex Xobeh.
  2735 | D:3      | Found a radiant altar of Vehumet.
  3049 | D:3      | HP: 2/40 [something/puff of flame (10)]
  3050 | D:3      | Killed from afar by an orc wizard

Skill      XL: |  1  2  3  4  5 |
---------------+----------------+-----
Spellcasting   | 2 |  2.3
Short Blades   | 1 2 |  2.4
Dodging        | 2 |  2.4
Fighting       | 1 |  1.2
Stealth        | 4 |  4.1
Armour         | 1 |  1.1
Hexes          | |  2.8
Ice Magic      | |  0.8

Action                   |  1- 3 |  4- 6 || total
-------------------------+-------+-------++-------
Melee: Dagger            |   116 |   228 ||   344
 Cast: Corona            |     4 |       ||     4
       Ensorcelled Hiber |     5 |    20 ||    25
  Use: Potion            |     3 |     2 ||     5
       Scroll            |     1 |     5 ||     6
 Stab: Sleeping          |     8 |     7 ||    15
       Distracted        |       |     2 ||     2
  Eat: Chunk             |    16 |    18 ||    34
Armor: Robe              |    19 |       ||    19
       Leather armour    |    10 |    31 ||    41
Dodge: Dodged            |    91 |   166 ||   257
